[Event "42nd Olympiad Baku 2016 Open"]
[Site "Baku"]
[Date "2016.09.04"]
[Round "3.14"]
[White "Maharjan, Sajin"]
[Black "Mongiello, Anthony"]
[Result "1-0"]
[ECO "C70"]
[WhiteElo "2034"]
[BlackElo "1576"]
[Annotator ""]
[PlyCount "87"]
[EventDate "2016.??.??"]
[EventCountry "AZE"]
[SourceTitle "playchess.com"]
[Source "ChessBase"]
[WhiteTeam "Nepal"]
[BlackTeam "U.S. Virgin Islands"]
[WhiteTeamCountry "NEP"]
[BlackTeamCountry "ISV"]
[TimeControl "40/5400+30:1800+30"]

1. e4 {(00:00)} Nc6 {(00:00)} 2. Nf3 {(00:00)} e5 {
(00:05)} 3. Bb5 {(00:07)} a6 {(01:03)} 4. Ba4 {(00:
11)} b5 {(00:54)} 5. Bb3 {(00:08)} Bc5 {(05:14)} 6. O-O {
(04:38)} d6 {(02:57)} 7. c3 {(03:09)} Bg4 {(01:57)}
8. h3 {(00:38)} Bxf3 {(17:17)} 9. Qxf3 {(00:13)} Nf6 {
(00:37)} 10. d3 {(01:07)} h6 {(00:56)} 11. Be3 {(
00:54)} Bxe3 {(01:18)} 12. fxe3 {(00:21)} Qd7 {(05:11)}
13. Qg3 {(02:27)} Rh7 {(02:08)} 14. Rxf6 {(00:30)} Nd8 {
(06:10)} 15. Nd2 {(02:49)} g5 {(02:36)} 16. a4 {(
01:47)} c6 {(07:25)} 17. axb5 {(04:32)} cxb5 {(01:24)} 18.
Bd5 {(00:18)} Ra7 {(00:43)} 19. d4 {(00:33)} Qe7 {(
09:18)} 20. dxe5 {(01:10)} dxe5 {(05:20)} 21. Raxa6 {(00:
47)} Rxa6 {(01:15)} 22. Rxa6 {(08:40)} Rh8 {(02:14)} 23.
Rb6 {(01:57)} Rf8 {(02:12)} 24. Rxb5 {(04:09)} f6 {
(01:01)} 25. Nc4 {(02:45)} Qd7 {(06:28)} 26. Rb6 {(
03:08)} Qa7 {(05:39)} 27. Nd6+ {(03:31)} Kd7 {(03:45)} 28.
Be6+ {(00:29)} Nxe6 {(04:36)} 29. Rb7+ {(03:22)} Qxb7 {
(00:09)} 30. Nxb7 {(00:02)} h5 {(01:00)} 31. Qe1 {(
00:17)} Kc7 {(00:56)} 32. Qd2 {(00:41)} Kxb7 {(01:22)} 33.
Qd5+ {(00:02)} Kc7 {(00:31)} 34. Qxe6 {(00:04)} Rd8 {
(00:40)} 35. Qxf6 {(00:22)} Rd1+ {(00:50)} 36. Kh2 {
(00:07)} g4 {(01:21)} 37. Qxe5+ {(00:09)} Rd6 {(00:
23)} 38. c4 {(00:20)} Kd7 {(00:29)} 39. c5 {(00:07)} Re6 {
(00:54)} 40. Qd5+ {(00:00)} Ke7 {(00:00)} 41. c6 {(
00:36)} Rd6 {(02:51)} 42. Qc5 {(00:11)} g3+ {(00:42)} 43.
Kxg3 {(00:08)} h4+ {(00:06)} 44. Kf4 {(00:19)} 1-0

[Event "42nd Olympiad Baku 2016 Open"]
[Site "Baku"]
[Date "2016.09.04"]
[Round "3.4"]
[White "Mahdia, Farage"]
[Black "Mayed AlRashedi"]
[Result "1/2-1/2"]
[ECO "A37"]
[WhiteElo "2023"]
[BlackElo "2054"]
[Annotator ""]
[PlyCount "64"]
[EventDate "2016.??.??"]
[EventCountry "AZE"]
[SourceTitle "playchess.com"]
[Source "ChessBase"]
[WhiteTeam "Libya"]
[BlackTeam "United Arab Emirates"]
[WhiteTeamCountry "LBY"]
[BlackTeamCountry "UAE"]
[TimeControl "40/5400+30:1800+30"]

1. Nf3 {(00:27)} c5 {(00:06)} 2. c4 {(00:19)} g6 {(
01:31)} 3. g3 {(01:14)} Nc6 {(00:45)} 4. Bg2 {(00:09)} Bg7
{(00:21)} 5. Nc3 {(00:22)} e5 {(00:27)} 6. d3 {(01:
12)} Nge7 {(01:00)} 7. O-O {(01:12)} O-O {(00:50)} 8. a3 {
(02:35)} d6 {(03:39)} 9. Rb1 {(01:57)} a5 {(02:35)}
10. e4 {(05:14)} Bg4 {(06:47)} 11. h3 {(02:44)} Bxf3 {
(00:11)} 12. Bxf3 {(00:03)} Nd4 {(15:13)} 13. Bg2 {
(00:11)} Nec6 {(01:15)} 14. Be3 {(02:51)} Rb8 {(03:
17)} 15. Bxd4 {(04:54)} Nxd4 {(01:09)} 16. b4 {(02:10)}
axb4 {(01:04)} 17. axb4 {(00:12)} b5 {(01:29)} 18. Nxb5 {
(05:17)} Nxb5 {(01:02)} 19. cxb5 {(00:08)} Rxb5 {(
00:09)} 20. bxc5 {(02:14)} Rxb1 {(00:26)} 21. Qxb1 {(00:
14)} dxc5 {(00:11)} 22. Rc1 {(01:04)} Qd6 {(03:40)} 23.
Bf1 {(02:05)} Rb8 {(05:16)} 24. Qc2 {(05:25)} Bf8 {
(00:25)} 25. Qc3 {(05:18)} Rb4 {(02:45)} 26. h4 {(
03:01)} f5 {(04:38)} 27. exf5 {(14:59)} gxf5 {(00:12)} 28.
Ra1 {(02:19)} Be7 {(13:55)} 29. Re1 {(02:09)} Bf6 {
(02:25)} 30. Rc1 {(00:54)} Be7 {(01:02)} 31. Re1 {(
00:11)} Bf6 {(04:16)} 32. Rc1 {(03:16)} Be7 1/2-1/2

[Event "42nd Olympiad Baku 2016 Open"]
[Site "Baku"]
[Date "2016.09.04"]
[Round "3.32"]
[White "Mak, Kei Keng"]
[Black "Mikheev, Stanislav"]
[Result "0-1"]
[ECO "D85"]
[WhiteElo "1977"]
[BlackElo "2283"]
[Annotator ""]
[PlyCount "48"]
[EventDate "2016.??.??"]
[EventCountry "AZE"]
[SourceTitle "playchess.com"]
[Source "ChessBase"]
[WhiteTeam "MAC"]
[BlackTeam "IPCA"]
[WhiteTeamCountry "MAC"]
[BlackTeamCountry "RUS"]
[TimeControl "40/5400+30:1800+30"]

1. Nf3 {(00:00)} Nf6 {(00:00)} 2. d4 {(00:00)} g6 {
(00:00)} 3. c4 {(00:06)} Bg7 {(00:09)} 4. Nc3 {(00:
17)} d5 {(00:54)} 5. cxd5 {(05:22)} Nxd5 {(00:02)} 6. e4 {
(02:23)} Nxc3 {(00:06)} 7. bxc3 {(00:05)} c5 {(00:
06)} 8. Be3 {(00:48)} Qa5 {(00:19)} 9. Qb3 {(07:19)} Nc6 {
(01:41)} 10. Bb5 {(00:08)} cxd4 {(07:53)} 11. Nxd4 {
(07:10)} O-O {(00:56)} 12. O-O {(00:33)} Bd7 {(00:
43)} 13. Nxc6 {(00:16)} bxc6 {(00:16)} 14. Rad1 {(01:47)}
Bg4 {(05:00)} 15. f3 {(01:50)} Be6 {(01:09)} 16. c4 {
(12:45)} cxb5 {(00:17)} 17. Qxb5 {(00:35)} Qc3 {(
00:39)} 18. Qb3 {(05:08)} Qxc4 {(01:17)} 19. Qb7 {(03:43)}
Qxa2 {(00:58)} 20. Qxe7 {(01:02)} a5 {(00:09)} 21. f4 {
(03:02)} Rfe8 {(00:58)} 22. Qb7 {(01:01)} Qb3 {(00:
11)} 23. Qb6 {(04:56)} Bc4 {(03:37)} 24. Rfe1 {(07:32)}
Bc3 {(05:45)} 0-1

[Event "42nd Olympiad Baku 2016 Open"]
[Site "Baku"]
[Date "2016.09.04"]
[Round "3.21"]
[White "Makoto, Rodwell"]
[Black "Dervishi, Erald"]
[Result "1/2-1/2"]
[ECO "A05"]
[WhiteElo "2405"]
[BlackElo "2564"]
[Annotator ""]
[PlyCount "75"]
[EventDate "2016.??.??"]
[EventCountry "AZE"]
[SourceTitle "playchess.com"]
[Source "ChessBase"]
[WhiteTeam "Zimbabwe"]
[BlackTeam "Albania"]
[WhiteTeamCountry "ZIM"]
[BlackTeamCountry "ALB"]
[TimeControl "40/5400+30:1800+30"]

1. Nf3 {(00:00)} Nf6 {(01:39)} 2. c4 {(00:00)} e6 {
(00:06)} 3. g3 {(00:23)} b6 {(00:06)} 4. Bg2 {(00:
34)} Bb7 {(00:06)} 5. O-O {(01:20)} Be7 {(00:06)} 6. d4 {
(00:14)} O-O {(00:10)} 7. d5 {(03:34)} exd5 {(01:
04)} 8. Nh4 {(00:13)} c6 {(00:51)} 9. cxd5 {(00:04)} Nxd5
{(00:58)} 10. Nf5 {(00:07)} Nc7 {(01:46)} 11. e4 {(
02:15)} d5 {(01:39)} 12. Nc3 {(01:35)} g6 {(22:09)} 13.
Nxe7+ {(07:51)} Qxe7 {(01:47)} 14. Re1 {(00:23)} dxe4 {
(12:55)} 15. Nxe4 {(02:53)} Ne6 {(00:35)} 16. Bh6 {
(06:05)} Rd8 {(06:50)} 17. Qf3 {(01:51)} Nd7 {(00:
39)} 18. Qc3 {(05:25)} c5 {(16:07)} 19. Ng5 {(06:39)} Ndf8
{(02:10)} 20. Bxf8 {(19:16)} Rxf8 {(00:30)} 21. Nxe6 {
(01:51)} fxe6 {(00:10)} 22. Bxb7 {(00:26)} Qxb7 {(
00:03)} 23. Rxe6 {(00:08)} Qf7 {(06:52)} 24. Qe3 {(01:39)}
Rae8 {(02:25)} 25. Re1 {(00:40)} Rxe6 {(00:15)} 26. Qxe6 {
(00:04)} Rd8 {(00:08)} 27. Qe3 {(14:45)} Qxa2 {(05:
26)} 28. b3 {(00:22)} Qb2 {(00:15)} 29. Qe6+ {(00:12)} Kh8
{(00:11)} 30. Qf7 {(00:20)} Qd4 {(05:07)} 31. h4 {(
03:37)} Qg7 {(02:45)} 32. Re8+ {(00:14)} Rxe8 {(00:07)}
33. Qxe8+ {(00:03)} Qg8 {(00:06)} 34. Qe5+ {(00:16)} Qg7 {
(00:06)} 35. Qb8+ {(00:17)} Qg8 {(00:07)} 36. Qe5+ {
(00:26)} Qg7 {(00:06)} 37. Qe8+ {(00:14)} Qg8 {(00:
06)} 38. Qe5+ {(00:15)} 1/2-1/2

[Event "42nd Olympiad Baku 2016 Open"]
[Site "Baku"]
[Date "2016.09.04"]
[Round "3.18"]
[White "Mambe, Lobognon Anderson O"]
[Black "McNab, Colin A"]
[Result "0-1"]
[ECO "B06"]
[WhiteElo "1880"]
[BlackElo "2434"]
[Annotator ""]
[PlyCount "80"]
[EventDate "2016.??.??"]
[EventCountry "AZE"]
[SourceTitle "playchess.com"]
[Source "ChessBase"]
[WhiteTeam "CIV"]
[BlackTeam "SCO"]
[BlackTeamCountry "SCO"]
[TimeControl "40/5400+30:1800+30"]

1. e4 {(00:00)} g6 {(00:00)} 2. d4 {(00:25)} Bg7 {(
00:02)} 3. Nf3 {(01:13)} d6 {(00:09)} 4. Be3 {(02:26)} Nf6
{(00:48)} 5. Bd3 {(00:38)} O-O {(07:33)} 6. c3 {(
01:44)} Nc6 {(02:52)} 7. O-O {(02:16)} e5 {(02:20)} 8. Qd2
{(11:13)} Bg4 {(06:53)} 9. Ne1 {(01:19)} d5 {(03:
17)} 10. f3 {(03:49)} dxe4 {(08:50)} 11. Bb5 {(14:54)}
exd4 {(04:04)} 12. cxd4 {(07:51)} exf3 {(02:06)} 13. Nxf3
{(06:09)} Bxf3 {(06:39)} 14. Rxf3 {(01:21)} Ne4 {(
02:24)} 15. Qc2 {(07:37)} Nxd4 {(00:50)} 16. Bxd4 {(00:57]
} Qxd4+ {(00:27)} 17. Kh1 {(00:44)} Qxb2 {(01:06)} 18.
Qxe4 {(00:35)} Qxa1 {(02:01)} 19. Bc4 {(02:50)} Rad8 {
(01:34)} 20. Bb3 {(01:55)} Qe5 {(01:19)} 21. Qc4 {(
02:51)} Kh8 {(02:02)} 22. h3 {(00:47)} Rd4 {(02:12)} 23.
Qf1 {(03:16)} Re4 {(00:32)} 24. Qg1 {(01:51)} Re1 {
(07:25)} 25. Rf1 {(00:42)} Rxf1 {(00:25)} 26. Qxf1 {
(00:13)} b5 {(03:24)} 27. Qf2 {(02:29)} c5 {(00:58]
} 28. Nd2 {(01:51)} c4 {(00:56)} 29. Bc2 {(00:50)} Qa1+ {
(01:37)} 30. Kh2 {(01:54)} Bd4 {(00:39)} 31. Qe2 {(
00:45)} Qg1+ {(01:51)} 32. Kg3 {(00:19)} Qe3+ {(00:15)}
33. Qxe3 {(00:33)} Bxe3 {(00:05)} 34. Ne4 {(00:33)} f5 {
(00:49)} 35. Nd6 {(00:15)} a6 {(00:34)} 36. a4 {(
00:19)} Bc5 {(00:31)} 37. Nb7 {(00:36)} Bb4 {(00:12)} 38.
axb5 {(00:27)} axb5 {(00:07)} 39. Bd1 {(00:24)} Rb8 {
(00:09)} 40. Bf3 {(00:00)} c3 {(00:00)} 0-1

[Event "42nd Olympiad Baku 2016 Open"]
[Site "Baku"]
[Date "2016.09.04"]
[Round "3.19"]
[White "Mapini, Otsile"]
[Black "Garcia Guerrero, Isaac Antonio"]
[Result "0-1"]
[ECO "D38"]
[WhiteElo "1972"]
[BlackElo "2308"]
[Annotator ""]
[PlyCount "70"]
[EventDate "2016.??.??"]
[EventCountry "AZE"]
[SourceTitle "playchess.com"]
[Source "ChessBase"]
[WhiteTeam "Botswana"]
[BlackTeam "Mexico"]
[WhiteTeamCountry "BOT"]
[BlackTeamCountry "MEX"]
[TimeControl "40/5400+30:1800+30"]

1. d4 {(00:00)} Nf6 {(00:00)} 2. c4 {(00:00)} e6 {(
00:00)} 3. Nf3 {(00:00)} d5 {(00:11)} 4. Nc3 {(00:30)} Bb4
{(00:10)} 5. Bg5 {(00:29)} Nbd7 {(02:03)} 6. e3 {(
01:13)} c5 {(01:18)} 7. cxd5 {(01:12)} exd5 {(00:16)} 8.
Bd3 {(02:48)} Qa5 {(01:23)} 9. Qc1 {(02:47)} c4 {(
02:39)} 10. Bf5 {(00:30)} Ne4 {(02:59)} 11. O-O {(04:58)}
Bxc3 {(05:29)} 12. bxc3 {(00:09)} Ndc5 {(05:02)} 13. Bxc8
{(05:03)} Nd3 {(00:13)} 14. Qc2 {(14:51)} Rxc8 {(
02:49)} 15. Bh4 {(00:30)} O-O {(03:41)} 16. Rab1 {(04:14)}
b5 {(04:12)} 17. Be7 {(00:29)} Qxc3 {(01:11)} 18. Qxc3 {
(06:42)} Nxc3 {(05:39)} 19. Ra1 {(18:56)} Rfe8 {(
01:32)} 20. Bd6 {(04:18)} b4 {(01:36)} 21. Ne1 {(04:19)}
a5 {(10:41)} 22. Nxd3 {(04:27)} cxd3 {(00:19)} 23. Bc5 {
(00:43)} Rb8 {(01:49)} 24. Bd6 {(02:37)} Rb7 {(01:
10)} 25. g3 {(03:04)} a4 {(01:47)} 26. a3 {(02:16)} b3 {
(00:14)} 27. Bb4 {(00:07)} Rxb4 {(00:12)} 28. axb4 {
(00:17)} b2 {(00:26)} 29. Ra3 {(04:11)} Ne2+ {(00:
12)} 30. Kg2 {(00:15)} Nc1 {(00:07)} 31. Rc3 {(01:23)} d2
{(00:22)} 32. Rc2 {(00:32)} b1=Q {(00:18)} 33. Rxd2 {
(00:12)} a3 {(00:42)} 34. b5 {(00:19)} Rc8 {(01:00]
} 35. b6 {(02:18)} Qxb6 {(00:55)} 0-1

[Event "42nd Olympiad Baku 2016 Open"]
[Site "Baku"]
[Date "2016.09.04"]
[Round "3.2"]
[White "Maqseed, Nasser"]
[Black "Collutiis, Duilio"]
[Result "0-1"]
[ECO "A04"]
[WhiteElo "2000"]
[BlackElo "2441"]
[Annotator ""]
[PlyCount "44"]
[EventDate "2016.??.??"]
[EventCountry "AZE"]
[SourceTitle "playchess.com"]
[Source "ChessBase"]
[WhiteTeam "KUW"]
[BlackTeam "ICCD"]
[WhiteTeamCountry "KUW"]
[BlackTeamCountry "ITA"]
[TimeControl "40/5400+30:1800+30"]

1. Nf3 {(00:00)} c5 {(01:15)} 2. g3 {(05:28)} g6 {(
01:57)} 3. Bg2 {(00:06)} Bg7 {(00:17)} 4. O-O {(00:07)}
Nc6 {(00:50)} 5. d3 {(00:39)} e5 {(05:35)} 6. e4 {(
02:07)} Nge7 {(00:14)} 7. Nbd2 {(02:15)} O-O {(00:54)} 8.
c3 {(05:56)} d6 {(00:13)} 9. a4 {(08:02)} Kh8 {(05:
18)} 10. Ne1 {(10:37)} Be6 {(02:12)} 11. Nc4 {(08:21)} f5
{(04:45)} 12. Ne3 {(11:05)} d5 {(10:56)} 13. exd5 {
(01:52)} Nxd5 {(00:26)} 14. Nxd5 {(01:05)} Bxd5 {(
00:10)} 15. Be3 {(12:37)} Qd6 {(14:03)} 16. f4 {(06:00)}
Rfd8 {(01:30)} 17. fxe5 {(01:14)} Nxe5 {(06:30)} 18. d4 {
(05:15)} Bc4 {(01:24)} 19. Rf2 {(06:04)} Ng4 {(00:
14)} 20. Bf4 {(01:06)} Nxf2 {(00:15)} 21. Kxf2 {(04:05)}
Qb6 {(00:08)} 22. Qd2 {(06:20)} cxd4 {(00:29)} 0-1

[Event "42nd Olympiad Baku 2016 Open"]
[Site "Baku"]
[Date "2016.09.04"]
[Round "3.12"]
[White "Martis, Valentino"]
[Black "Shaker, Musab"]
[Result "1/2-1/2"]
[ECO "C42"]
[WhiteElo "1917"]
[BlackElo "1726"]
[Annotator ""]
[PlyCount "62"]
[EventDate "2016.??.??"]
[EventCountry "AZE"]
[SourceTitle "playchess.com"]
[Source "ChessBase"]
[WhiteTeam "Netherlands Antilles"]
[BlackTeam "Brunei"]
[WhiteTeamCountry "AHO"]
[BlackTeamCountry "BRN"]
[TimeControl "40/5400+30:1800+30"]

1. e4 {(00:00)} e5 {(00:00)} 2. Nf3 {(00:00)} Nf6 {
(00:00)} 3. Nxe5 {(00:06)} d6 {(00:00)} 4. Nf3 {(
00:05)} Nxe4 {(00:03)} 5. Nc3 {(00:19)} Nxc3 {(00:23)} 6.
dxc3 {(00:03)} Be7 {(00:13)} 7. Be3 {(01:04)} O-O {
(00:29)} 8. Qd2 {(00:18)} Be6 {(00:46)} 9. O-O-O {(
03:03)} c5 {(00:50)} 10. c4 {(03:06)} Nc6 {(09:49)} 11.
Bd3 {(06:54)} Nb4 {(09:47)} 12. a3 {(03:27)} Nxd3+ {
(01:22)} 13. Qxd3 {(02:35)} a6 {(19:23)} 14. Rhe1 {
(05:48)} b5 {(04:20)} 15. Nd2 {(01:15)} Qa5 {(16:
19)} 16. cxb5 {(10:43)} axb5 {(01:24)} 17. Nb1 {(02:47)}
d5 {(12:53)} 18. Bd2 {(08:02)} Qa7 {(07:39)} 19. h3 {
(11:08)} d4 {(02:53)} 20. Qe4 {(05:07)} c4 {(01:12]
} 21. Bf4 {(02:54)} d3 {(03:27)} 22. cxd3 {(02:02)} c3 {
(02:58)} 23. bxc3 {(02:12)} Bxa3+ {(00:32)} 24. Nxa3 {
(03:31)} Qxa3+ {(00:02)} 25. Kd2 {(00:38)} Qb2+ {(
00:46)} 26. Ke3 {(00:07)} Qxc3 {(00:29)} 27. Be5 {(01:28)}
Qc2 {(03:33)} 28. Rc1 {(00:45)} Qb3 {(00:23)} 29. Rb1 {
(06:41)} Qa2 {(01:36)} 30. Ra1 {(03:30)} Qd5 {(00:
38)} 31. Rxa8 {(08:07)} Rxa8 1/2-1/2

[Event "42nd Olympiad Baku 2016 Open"]
[Site "Baku"]
[Date "2016.09.04"]
[Round "3.23"]
[White "Masango, Spencer"]
[Black "Pasko, Llambi"]
[Result "1/2-1/2"]
[ECO "E97"]
[WhiteElo "2200"]
[BlackElo "2316"]
[Annotator ""]
[PlyCount "124"]
[EventDate "2016.??.??"]
[EventCountry "AZE"]
[SourceTitle "playchess.com"]
[Source "ChessBase"]
[WhiteTeam "Zimbabwe"]
[BlackTeam "Albania"]
[WhiteTeamCountry "ZIM"]
[BlackTeamCountry "ALB"]
[TimeControl "40/5400+30:1800+30"]

1. Nf3 {(00:00)} Nf6 {(00:00)} 2. c4 {(00:00)} g6 {
(00:00)} 3. Nc3 {(00:08)} Bg7 {(00:00)} 4. e4 {(00:
28)} d6 {(00:04)} 5. d4 {(00:09)} O-O {(00:10)} 6. Be2 {
(00:08)} e5 {(00:07)} 7. O-O {(00:09)} Nc6 {(00:04]
} 8. d5 {(00:06)} Ne7 {(00:05)} 9. b4 {(00:11)} a5 {
(00:47)} 10. Ba3 {(00:21)} Nd7 {(02:30)} 11. bxa5 {
(01:39)} Rxa5 {(00:46)} 12. Bb4 {(00:32)} Ra8 {(00:
09)} 13. a4 {(00:17)} Bh6 {(00:30)} 14. Ne1 {(01:06)} f5 {
(00:16)} 15. Nd3 {(00:17)} Nf6 {(01:51)} 16. Bf3 {(
07:56)} c5 {(01:17)} 17. dxc6 {(00:36)} Nxc6 {(00:06)} 18.
Rb1 {(10:03)} Be6 {(06:25)} 19. exf5 {(14:12)} gxf5 {
(07:25)} 20. Bd5 {(04:14)} Bxd5 {(02:23)} 21. Nxd5 {
(02:26)} Nxd5 {(02:57)} 22. cxd5 {(00:09)} Nxb4 {(
00:47)} 23. Rxb4 {(00:52)} e4 {(01:31)} 24. Nb2 {(03:22)}
Rf7 {(00:21)} 25. Qb3 {(00:56)} Qe7 {(09:02)} 26. Nc4 {
(01:17)} f4 {(00:18)} 27. Qh3 {(00:46)} Bf8 {(03:
21)} 28. Nd2 {(13:24)} e3 {(01:20)} 29. fxe3 {(00:48)}
Qxe3+ {(00:08)} 30. Qxe3 {(00:13)} fxe3 {(00:01)} 31. Rxf7
{(01:53)} Kxf7 {(00:17)} 32. Rxb7+ {(02:20)} Kg6 {(
01:14)} 33. Nc4 {(01:15)} e2 {(08:24)} 34. Kf2 {(02:08)}
Re8 {(00:03)} 35. Rb1 {(04:03)} Re4 {(03:29)} 36. Nd2 {
(03:33)} Rxa4 {(00:04)} 37. Kxe2 {(00:21)} Ra2 {(
00:02)} 38. Kd3 {(06:35)} Bh6 {(01:04)} 39. Nf3 {(00:32)}
Ra5 {(04:57)} 40. Ke4 {(00:00)} Ra4+ {(00:00)} 41. Nd4 {
(04:26)} Bg7 {(00:19)} 42. Rd1 {(00:10)} h5 {(07:
29)} 43. g3 {(01:14)} Kg5 {(00:17)} 44. h3 {(00:51)} Be5 {
(00:20)} 45. Rd3 {(00:20)} Rc4 {(00:39)} 46. g4 {(
11:45)} hxg4 {(03:21)} 47. hxg4 {(00:05)} Kxg4 {(00:04)}
48. Rd1 {(00:25)} Bxd4 {(02:27)} 49. Rxd4 {(00:08)} Rxd4+
{(00:04)} 50. Kxd4 {(00:05)} Kf4 {(00:02)} 51. Kc4 {
(00:18)} Ke4 {(00:11)} 52. Kc3 {(00:17)} Ke5 {(00:
05)} 53. Kc4 {(00:07)} Ke4 {(00:16)} 54. Kc3 {(00:07)}
Kxd5 {(00:11)} 55. Kd3 {(00:05)} Ke5 {(00:13)} 56. Ke3 {
(00:05)} d5 {(00:04)} 57. Kd3 {(00:06)} d4 {(00:03]
} 58. Kd2 {(00:08)} Ke4 {(00:03)} 59. Ke2 {(00:06)} d3+ {
(00:04)} 60. Kd2 {(00:05)} Kd4 {(00:08)} 61. Kd1 {(
00:17)} Ke4 {(00:12)} 62. Kd2 {(00:06)} Kd4 {(00:04)}
1/2-1/2

[Event "42nd Olympiad Baku 2016 Open"]
[Site "Baku"]
[Date "2016.09.04"]
[Round "3.10"]
[White "Masrhi, Abdulrahman A"]
[Black "Croes, Octavio"]
[Result "1-0"]
[ECO "A46"]
[WhiteElo "1900"]
[BlackElo "1861"]
[Annotator ""]
[PlyCount "41"]
[EventDate "2016.??.??"]
[EventCountry "AZE"]
[SourceTitle "playchess.com"]
[Source "ChessBase"]
[WhiteTeam "KSA"]
[BlackTeam "ARU"]
[TimeControl "40/5400+30:1800+30"]

1. d4 {(00:00)} Nf6 {(00:00)} 2. Nf3 {(00:00)} e6 {
(00:37)} 3. Bf4 {(00:00)} c5 {(00:54)} 4. e3 {(00:
22)} Nc6 {(00:26)} 5. c3 {(00:34)} d5 {(00:17)} 6. Nbd2 {
(01:00)} Bd6 {(01:42)} 7. Ne5 {(03:45)} Qc7 {(01:
46)} 8. Ndf3 {(01:01)} Nh5 {(08:55)} 9. Nxf7 {(32:15)}
Bxf4 {(11:56)} 10. Nxh8 {(00:23)} Bd6 {(00:35)} 11. Ng5 {
(01:12)} Nf6 {(00:46)} 12. Nxh7 {(04:55)} Qe7 {(08:
09)} 13. Nxf6+ {(04:34)} Qxf6 {(00:11)} 14. Qh5+ {(00:13)}
Kf8 {(00:36)} 15. Ng6+ {(00:37)} Kg8 {(00:08)} 16. Bd3 {
(01:10)} cxd4 {(12:52)} 17. exd4 {(02:27)} Nxd4 {(
15:02)} 18. Qh4 {(04:49)} Nf3+ {(04:05)} 19. gxf3 {(00:17]
} Qxf3 {(00:07)} 20. Qd8+ {(02:12)} Kf7 {(00:18)} 21. Nh8#
{(00:19)} 1-0

[Event "42nd Olympiad Baku 2016 Open"]
[Site "Baku"]
[Date "2016.09.04"]
[Round "3.11"]
[White "Mathews, Cesar"]
[Black "Fawzy, Adham"]
[Result "0-1"]
[ECO "B32"]
[WhiteElo "2116"]
[BlackElo "2451"]
[Annotator ""]
[PlyCount "72"]
[EventDate "2016.??.??"]
[EventCountry "AZE"]
[SourceTitle "playchess.com"]
[Source "ChessBase"]
[WhiteTeam "Panama"]
[BlackTeam "Egypt"]
[WhiteTeamCountry "PAN"]
[BlackTeamCountry "EGY"]
[TimeControl "40/5400+30:1800+30"]

1. e4 {(00:00)} c5 {(00:00)} 2. Nf3 {(00:00)} Nc6 {
(00:00)} 3. d4 {(00:02)} cxd4 {(00:00)} 4. Nxd4 {(
00:04)} e5 {(00:00)} 5. Nb5 {(04:55)} d6 {(00:05)} 6. N1c3
{(01:08)} a6 {(00:07)} 7. Na3 {(00:11)} b5 {(00:02]
} 8. Nd5 {(00:08)} Nce7 {(00:02)} 9. c4 {(00:10)} Nxd5 {
(00:13)} 10. exd5 {(00:08)} bxc4 {(00:02)} 11. Nxc4 {
(00:10)} Be7 {(00:55)} 12. Be3 {(00:09)} Rb8 {(03:
16)} 13. a4 {(03:21)} Nf6 {(01:06)} 14. a5 {(01:24)} O-O {
(01:32)} 15. Be2 {(02:00)} Rb5 {(14:40)} 16. Nb6 {(
09:14)} Rxb2 {(00:07)} 17. Qa4 {(13:08)} Bb7 {(04:37)} 18.
Bc4 {(15:08)} Ng4 {(05:19)} 19. Qa3 {(08:42)} Nxe3 {
(00:18)} 20. Qxe3 {(03:08)} Bg5 {(00:44)} 21. Qa3 {
(03:19)} Rd2 {(09:59)} 22. O-O {(03:37)} Rd4 {(03:
11)} 23. Rad1 {(00:25)} Bd2 {(01:06)} 24. Qa2 {(04:18)}
Bc3 {(01:12)} 25. Qa3 {(00:24)} Rxd1 {(00:50)} 26. Rxd1 {
(00:26)} Bd4 {(00:15)} 27. Rb1 {(00:15)} Qh4 {(05:
39)} 28. Qa2 {(08:27)} g6 {(04:25)} 29. g3 {(10:21)} Qg4 {
(06:36)} 30. Qc2 {(02:21)} Bc5 {(07:50)} 31. Qd3 {(
03:14)} e4 {(01:44)} 32. h3 {(02:48)} Qxh3 {(02:58)} 33.
Qxe4 {(00:25)} Qxg3+ {(00:42)} 34. Qg2 {(00:04)} Qf4 {
(02:19)} 35. Bd3 {(02:04)} Re8 {(03:48)} 36. Nd7 {(
00:59)} Bxd5 {(01:38)} 0-1

[Event "42nd Olympiad Baku 2016 Open"]
[Site "Baku"]
[Date "2016.09.04"]
[Round "3.28"]
[White "Mcfarland, Malcolm"]
[Black "Volpinari, Danilo"]
[Result "0-1"]
[ECO "A43"]
[WhiteElo "1764"]
[BlackElo "1976"]
[Annotator ""]
[PlyCount "99"]
[EventDate "2016.??.??"]
[EventCountry "AZE"]
[SourceTitle "playchess.com"]
[Source "ChessBase"]
[WhiteTeam "GUM"]
[BlackTeam "SMR"]
[BlackTeamCountry "SMR"]
[TimeControl "40/5400+30:1800+30"]

1. d4 {(00:00)} Nf6 {(00:00)} 2. Nf3 {(00:00)} c5 {
(00:48)} 3. d5 {(01:08)} d6 {(01:06)} 4. e3 {(02:
20)} a6 {(03:58)} 5. a4 {(01:29)} g6 {(00:26)} 6. Nc3 {
(01:55)} Bg7 {(00:51)} 7. Be2 {(01:09)} O-O {(00:
40)} 8. O-O {(00:44)} e6 {(07:59)} 9. e4 {(02:08)} exd5 {
(03:09)} 10. exd5 {(00:27)} Re8 {(07:45)} 11. Bd3 {
(09:28)} Nbd7 {(02:42)} 12. Re1 {(09:00)} Rxe1+ {(
13:30)} 13. Qxe1 {(00:20)} Nb6 {(00:40)} 14. Bg5 {(06:53)}
h6 {(03:06)} 15. Bh4 {(00:56)} Qc7 {(10:57)} 16. Bxf6 {
(14:10)} Bxf6 {(00:04)} 17. Qe8+ {(00:39)} Kg7 {(
00:06)} 18. a5 {(00:28)} Nd7 {(04:27)} 19. Qe4 {(14:05)}
Ne5 {(12:04)} 20. Nxe5 {(00:18)} Bxe5 {(00:02)} 21. Qe1 {
(05:22)} Bd7 {(00:31)} 22. Qd2 {(07:44)} Re8 {(01:
07)} 23. Ra2 {(02:16)} Qd8 {(01:23)} 24. Ne4 {(02:29)} Qh4
{(05:42)} 25. g3 {(02:48)} Qe7 {(03:12)} 26. Nc3 {(
01:30)} Bh3 {(00:34)} 27. Bf1 {(00:32)} Bf5 {(03:41)} 28.
Ra1 {(01:08)} Bd4 {(03:00)} 29. Bd3 {(04:17)} Bh3 {
(02:33)} 30. Bf1 {(00:05)} Bd7 {(02:16)} 31. Bd3 {(
02:08)} Bg4 {(02:15)} 32. Bf1 {(01:25)} Qf6 {(02:05)} 33.
Re1 {(01:33)} Rxe1 {(01:20)} 34. Qxe1 {(00:02)} Bd7 {
(01:10)} 35. Bd3 {(01:21)} h5 {(01:34)} 36. Bf1 {(
00:58)} h4 {(00:35)} 37. Be2 {(01:20)} Qe7 {(00:21)} 38.
Qd2 {(01:15)} Bf5 {(00:36)} 39. Bd3 {(00:45)} Bh3 {
(00:34)} 40. Qe2 {(00:00)} Qf6 {(00:00)} 41. Ne4 {(
02:04)} Qe7 {(10:45)} 42. c3 {(04:31)} Bf6 {(02:33)} 43.
Nxf6 {(00:37)} Qxe2 {(01:37)} 44. Bxe2 {(00:24)} Kxf6 {
(00:05)} 45. f4 {(01:56)} g5 {(08:36)} 46. Kf2 {(
05:11)} gxf4 {(02:00)} 47. gxf4 {(05:04)} Kf5 {(00:29)}
48. Ke3 {(00:26)} Bg2 {(00:49)} 49. c4 {(01:47)} Bh3 {
(00:49)} 50. Bd3+ {(02:23] Ke5 Kd4+} 0-1